 Dungeon Crawl Stone Soup version 0.26-a0-720-g2a1d101370 (webtiles) character file.

Game seed: 14575419551725871391

18 stormannnn the Insei (level 2, 0/22 HPs)
             Began as a Demigod Transmuter on Nov 3, 2020.
             Slain by a jackal (1 damage)
             ... on level 1 of the Dungeon.
             The game lasted 00:01:56 (625 turns).

stormannnn the Insei (Demigod Transmuter)            Turns: 625, Time: 00:01:56

Health: 0/22       AC:  2    Str: 13    XL:     2   Next: 36%
Magic:  7/8        EV: 11    Int: 17    God:
Gold:   23         SH:  3    Dex: 16    Spells: 4/5 levels left

rFire    . . .     SeeInvis .   c - +0 club
rCold    . . .     Faith    .   f - +0 buckler
rNeg     . . .     Spirit   .   a - +0 robe
rPois    .         Reflect  .   (helmet currently unavailable)
rElec    .         Harm     .   (no cloak)
rCorr    .         Rampage  .   (no gloves)
MR       .....                  (boots currently unavailable)
Stlth    +.........             (no amulet)
HPRegen  0.07/turn              (no ring)
MPRegen  0.11/turn              (no ring)

@: appendages
A: horns 2, talons 2, high mp 1
a: End Transformation


You were on level 1 of the Dungeon.
You had grown temporary horns.
You had grown temporary talons.
You visited 1 branch of the dungeon, and saw 1 of its levels.

You collected 23 gold pieces.

Inventory:

Hand Weapons
 c - a +0 club (weapon)
Armour
 a - a +0 robe (worn)
 f - a +0 buckler (worn)
Jewellery
 e - an uncursed ring of magical power
 g - a +4 ring of evasion {unknown}
Scrolls
 h - a scroll of teleportation {unknown}


   Skills:
 - Level 0.8 Fighting
 - Level 1.7 Dodging
 - Level 2.6 Unarmed Combat
 * Level 2.4 Spellcasting
 + Level 2.1 Transmutations


You had 4 spell levels left.
You knew the following spells:

 Your Spells              Type           Power        Failure   Level
a - Beastly Appendage     Tmut           #.....       13%         1

Your spell library contained the following spells:

 Spells                   Type           Power        Failure   Level
 Wereblood                Tmut           #.......     19%         2
 Spider Form              Tmut/Pois      #.........   52%         3
 Ice Form                 Ice/Tmut       #.......     89%         4
 Blade Hands              Tmut           #.........   98%         5


Dungeon Overview and Level Annotations

Branches:
Dungeon (1/15)


Innate Abilities, Weirdness & Mutations

You have an increased reservoir of magic. (+10% MP)
You have a pair of horns on your head.
You have razor-sharp toenails.


Message History

* * * LOW HITPOINT WARNING * * *
You miss the jackal. Your kick misses the jackal.
The jackal is severely wounded.
The jackal bites you but does no damage.
The jackal bites you.
* * * LOW HITPOINT WARNING * * *
You barely miss the jackal. Your kick misses the jackal.
The jackal is severely wounded.
The jackal bites you.
* * * LOW HITPOINT WARNING * * *
The jackal completely misses you.
You aren't carrying any potions.
As you read the scroll labeled DEDUTTEYTA, it crumbles to dust.
It is a scroll of identify.
e - an uncursed ring of magical power You block the jackal's attack.
As you read the scroll labeled BARPHAH SOCAO, it crumbles to dust.
You feel blessed for a moment.
It was a scroll of remove curse.
The jackal bites you.
You die...

...+ ######### ...#
#...#.#.##...
..#...#......
#.#.#...#.#
#.#.#...#.#
..#...#...#
#...#.#.#)# ######.##
#########.## #..@hh..#
#.....###.####.....
#....###.............#
..## #.###.#####.# #
#.# #.# ..# #.. ####
####


You could see 2 jackals.

Vanquished Creatures
  A dart slug (D:1)
  A goblin (D:1)
  3 hobgoblins (D:1)
  3 jackals (D:1)
  2 bats (D:1)
  3 frilled lizards (D:1)
  A kobold (D:1)
  2 rats (D:1)
16 creatures vanquished.

Notes
Turn   | Place    | Note
-------+----------+-------------------------------------------
     0 | D:1      | stormannnn the Demigod Transmuter began the quest for the
                  | Orb.
     0 | D:1      | Reached XP level 1. HP: 15/15 MP: 5/5
   280 | D:1      | Reached XP level 2. HP: 19/22 MP: 5/7
   623 | D:1      | HP: 1/22 [jackal (1)]
   625 | D:1      | Slain by a jackal

Illustrated notes

Levels and vault maps discovered:
D:1:      dpeg_arrival_concentric_ovals, layout_loops_cross, chequers_arboretum,
          minmay_misc_feat_alley, minmay_split_cup_small

Skill      XL: |  1 |
---------------+----+-----
Spellcasting   | 2 |  2.4
Transmutations | 2 |  2.1
Fighting       | |  0.8
Dodging        | |  1.7
Unarmed Combat | |  2.6

Action                   || total
-------------------------++-------
Melee: Club              ||    58
       Unarmed           ||     2
       Kick              ||     3
       Headbutt          ||     3
 Cast: Beastly Appendage ||     4
  Use: Scroll            ||     2
 Stab: Sleeping          ||     2
Armor: Robe              ||    13
Dodge: Dodged            ||    44
Block: Buckler           ||     9

Table legend: (Time is in decaauts)
 A = Elapsed time spent in this place.
 B = Non-inter-level travel time spent in this place.
 C = Inter-level travel time spent in this place.
 D = Time resting spent in this place.
 E = Time spent auto-exploring this place.
 F = Levels seen in this place.
 G = Mean time per level.
                   A        B        C        D        E       F      G
               +--------+--------+--------+--------+--------+-----+--------+
         Total |    644 |    644 |      0 |    374 |    122 |   1 |  644.0 |
       Dungeon |    644 |    644 |      0 |    374 |    122 |   1 |  644.0 |
               +--------+--------+--------+--------+--------+-----+--------+

Top non-repeatable levels by time:
     D:1: 644 daAuts
